 Dungeon Crawl Stone Soup version 0.19.0-19-g8c6edcc (webtiles) character file.

10924 dvd the Geomancer (level 11, -6/90 HPs)
             Began as a Deep Dwarf Earth Elementalist on Nov 13, 2016.
             Was a Follower of Nemelex Xobeh.
             Mangled by a water elemental (7 damage)
             ... on level 11 of the Dungeon.
             The game lasted 00:47:57 (10352 turns).

dvd the Geomancer (Deep Dwarf Earth Elementalist)  Turns: 10352, Time: 00:47:58

Health: -6/90      AC: 10    Str: 14    XL:     11   Next: 42%
Magic:  34/34      EV: 14    Int: 17    God:    Nemelex Xobeh [*.....]
Gold:   153        SH:  0    Dex: 13    Spells: 3 memorised, 13 levels left

rFire  . . .     SeeInvis .     J - +3 trident (vamp)
rCold  + . .     Gourm    .     y - +1 robe {rC+}
rNeg   . . .     Faith    .     (no shield)
rPois  .         Spirit   .     I - +2 helmet
rElec  .         Reflect  .     (no cloak)
rCorr  .         Harm     .     s - +2 pair of gloves
MR     +....                    w - +0 pair of boots
Stlth  +++.......               (no amulet)
                                c - ring of magical power
                                r - ring of magical power

@: engulfed (cannot breathe), non-regenerating
A: damage resistance, recharge devices, sense surroundings 2, slow regeneration
3
a: Device Recharging, Renounce Religion


You were on level 11 of the Dungeon.
You worshipped Nemelex Xobeh.
Nemelex Xobeh was aware of your devotion.
You were not hungry.

You visited 2 branches of the dungeon, and saw 12 of its levels.

You collected 493 gold pieces.
You spent 340 gold pieces at shops.

Inventory:

Hand Weapons
 a - the +9 flail of Baodao {crush, +Fly rF+ Str+3}
   (You bought it in a shop on level 7 of the Dungeon)

   It inflicts extra damage upon your enemies.
   It affects your strength (+3).
   It protects you from fire.
   It lets you fly.
 D - the +2 dagger "Dragonbane" {holy, +Fly}
   (You found it on level 7 of the Dungeon)

   It has been blessed by the Shining One to cause great damage to the undead
   and demons.
   It lets you fly.
 J - a +3 vampiric trident (weapon)
Missiles
 b - 226 stones (quivered)
 v - 66 sling bullets
Armour
 h - a +0 shield
 o - a +0 ring mail of fire resistance
 s - a +2 pair of gloves (worn)
 w - a +0 pair of boots (worn)
 y - a +1 robe of cold resistance (worn)
 I - a +2 helmet (worn)
Jewellery
 c - a ring of magical power (right hand)
 l - a +4 ring of dexterity
 r - a ring of magical power (left hand)
Wands
 d - a wand of heal wounds (2/9)
 k - a wand of flame (9/48)
 t - a wand of flame (17/48)
 C - a wand of lightning (5/15)
Scrolls
 i - a scroll of acquirement {unknown}
 m - a scroll of fear
 n - 9 scrolls of remove curse
 p - 6 scrolls of identify
 H - a scroll of amnesia
Potions
 q - 2 potions of haste
 A - a potion of berserk rage
 G - a potion of brilliance
Books
 e - a book of Geomancy

   Spells                             Type                      Level
   a - Sandblast                      Earth                        1
   b - Passwall                       Transmutation/Earth          2
   c - Stone Arrow                    Conjuration/Earth            3
   d - Petrify                        Transmutation/Earth          4
   e - Lee's Rapid Deconstruction     Earth                        5
 x - a book of Cantrips

   Spells                             Type                      Level
   a - Confusing Touch                Hexes                        1
   b - Animate Skeleton               Necromancy                   1
   c - Summon Small Mammal            Summoning                    1
   d - Apportation                    Translocation                1
Comestibles
 f - 12 bread rations
 g - 16 royal jellies
 z - 6 beef jerkies


   Skills:
 + Level 3.3 Fighting
   Level 2.6(4.9) Axes
 + Level 4.7(5.0) Maces & Flails
 * Level 2.7(3.2) Polearms
   Level 1.8 Slings
 + Level 1.4 Armour
 + Level 4.3 Dodging
 + Level 4.4 Stealth
 + Level 7.8 Spellcasting
 + Level 4.5 Conjurations
 + Level 0.8 Transmutations
 + Level 11.6 Earth Magic
 + Level 1.1 Invocations
 * Level 10.4 Evocations


You had 13 spell levels left.
You knew the following spells:

 Your Spells              Type           Power        Failure   Level  Hunger
a - Petrify               Tmut/Erth      ####....     10%         4    ###....
b - Stone Arrow           Conj/Erth      ####..       1%          3    #......
c - Lee's Rapid Deconstr  Erth           #####.....   2%          5    #####..


Dungeon Overview and Level Annotations

Branches:
Dungeon (11/15)            Temple (1/1) D:4
   Lair: D:8-11         Orc: D:9-12

Altars:
Ashenzari
Cheibriados
Dithmenos
Elyvilon
Fedhas
Gozag
Hepliaklqana
Kikubaaqudgha
Makhleb
Nemelex Xobeh
Okawaru
Qazlal
Ru
Sif Muna
Trog
Uskayaw
Vehumet
Xom
Yredelemnul
Zin
The Shining One

Shops:
D:7 :(   D:9 *


Innate Abilities, Weirdness & Mutations

You are resistant to damage.
You can recharge devices by infusing magical energy.
You passively map the area around you.
You do not regenerate.


Message History

The bolt of lightning hits the troll.
The troll is heavily wounded.
This wand has 5 charges left.
The hound barks!
You hear a bellow! x3
The water elemental barely misses you.
The hound barks!
You hit the water elemental but do no damage.
The water elemental is moderately damaged.
The water elemental hits you!
* * * LOW HITPOINT WARNING * * *
The water elemental engulfs you in water!
You puncture the water elemental!
The water elemental is heavily damaged.
* * * LOW HITPOINT WARNING * * *
Your lungs strain for air!
The water elemental hits you!
* * * LOW HITPOINT WARNING * * *
The water elemental hits you!
You die...
Your body disappears without a glow.

#......... #..#######
#..# ##### ###..###..<.
#........###
#######.#..#####
#.......#..# ,
#.#######..# #@# #..# *
#E# #..#####.# **
######S#######.........
,
.......T........).......
,, ,
.###.##h########.#####.#
,** , #.
.h.h....≈≈≈≈≈≈...). *,,
#..≈.≈.≈..≈≈≈≈≈≈≈..... ,
* #....≈..≈≈≈≈≈≈≈≈≈≈..≈.
#...h.≈.≈≈≈≈≈≈≈≈≈≈≈≈≈.


You could see a water elemental, a troll, 2 hounds, an adder and a jackal.

Vanquished Creatures
  A hydra (D:10)
  An unseen horror (D:8)
  Pikel (D:6)
  An ugly thing (D:8)
  2 centaur zombies
  Joseph (D:9)
  Psyche (D:8)
  A queen bee (D:10)
  The ghost of dvd the Sneak, a novice VSIE of Ru (D:5)
  A two-headed ogre (D:10)
  2 hippogriffs
  A hornet (D:8)
  A wraith (D:10)
  3 yaks (D:10)
  2 hungry ghosts (D:8)
  Menkaure (D:7)
  2 water moccasins
  A sky beast (D:7)
  A slave (D:5)
  3 ice beasts
  5 orc warriors
  A phantom (D:5)
  A necrophage (D:6)
  7 ogres
  A wolf (D:11)
  3 centaurs
  Blork the orc (D:5)
  2 bullfrogs
  3 scorpions
  30 killer bees
  A water moccasin skeleton (D:7)
  3 howler monkeys (D:8)
  4 crimson imps
  2 bullfrog zombies
  2 quasits (D:8)
  6 hounds
  9 orc priests
  A jelly (D:6)
  2 bullfrog skeletons
  Ijyb (D:2)
  2 centaur skeletons (D:6)
  Terence (D:2)
  5 iguanas
  5 orc wizards
  7 worker ants
  2 killer bee zombies
  A hound zombie (D:8)
  A worker ant zombie (D:6)
  4 gnolls (D:8)
  11 adders
  3 shadow imps
  A white imp (D:9)
  2 oozes
  2 adder skeletons
  5 worms
  2 dart slugs
  5 leopard geckos
  23 orcs
  3 ball pythons
  2 giant cockroaches
  2 goblins (D:9)
  5 hobgoblins
  5 jackals
  A quokka (D:4)
  6 bats
  4 frilled lizards
  5 kobolds (D:1)
  2 quokka skeletons
  6 rats
236 creatures vanquished.

Vanquished Creatures (collateral kills)
  A sky beast (D:9)
1 creature vanquished.

Vanquished Creatures (others)
  A slave (D:6)
1 creature vanquished.

Grand Total: 238 creatures vanquished

Notes
Turn   | Place    | Note
-------+----------+-------------------------------------------
     0 | D:1      | dvd the Deep Dwarf Earth Elementalist began the quest for the Orb.
     0 | D:1      | Reached XP level 1. HP: 15/15 MP: 3/3
   187 | D:1      | Reached skill level 1 in Evocations
   187 | D:1      | Reached XP level 2. HP: 16/22 MP: 1/4
   676 | D:1      | Reached skill level 1 in Slings
  1194 | D:2      | Noticed Terence
  1245 | D:2      | Killed Terence
  1245 | D:2      | Reached XP level 3. HP: 17/30 MP: 0/6
  1371 | D:2      | Found an ancient bone altar of Kikubaaqudgha.
  1374 | D:2      | Found a stormy altar of Qazlal.
  1419 | D:2      | Noticed Ijyb
  1565 | D:2      | Killed Ijyb
  1565 | D:2      | Reached XP level 4. HP: 14/37 MP: 0/7
  1600 | D:2      | Found a shimmering altar of Xom.
  1625 | D:2      | Learned a level 3 spell: Stone Arrow
  1716 | D:2      | Reached skill level 5 in Earth Magic
  1935 | D:3      | Reached XP level 5. HP: 27/43 MP: 6/8
  2141 | D:3      | Found a faded altar of an unknown god.
  2615 | D:4      | Found a staircase to the Ecumenical Temple.
  2729 | Temple   | Entered the Ecumenical Temple
  2798 | D:4      | Noticed an ogre
  2803 | D:4      | Killed an ogre
  2803 | D:4      | Reached XP level 6. HP: 28/50 MP: 6/10
  3001 | D:4      | Reached skill level 1 in Conjurations
  3001 | D:4      | Reached skill level 6 in Earth Magic
  3015 | D:4      | Found a bloodstained altar of Trog.
  3015 | D:4      | Found a faded altar of an unknown god.
  3021 | D:4      | Found a faded altar of an unknown god.
  3023 | D:4      | Found a faded altar of an unknown god.
  3024 | D:4      | Found a faded altar of an unknown god.
  3159 | D:4      | Reached XP level 7. HP: 45/56 MP: 3/12
  3385 | D:4      | Learned a level 5 spell: Lee's Rapid Deconstruction
  3473 | D:5      | Entered Level 5 of the Dungeon
  3486 | D:5      | Noticed dvd's ghost (novice VSIE)
  3492 | D:5      | Killed dvd's ghost
  3492 | D:5      | Reached skill level 1 in Maces & Flails
  3492 | D:5      | Reached skill level 5 in Evocations
  3936 | D:5      | Reached skill level 7 in Earth Magic
  3945 | D:5      | Reached XP level 8. HP: 30/63 MP: 5/14
  4169 | D:5      | You fall through a shaft for 3 floors!
  4191 | D:8      | HP: 2/63 [ice beast (11)]
  4210 | D:8      | Noticed Psyche
  4219 | D:8      | Reached skill level 1 in Fighting
  4221 | D:8      | Noticed a hornet
  4406 | D:6      | Reached skill level 1 in Axes
  4502 | D:5      | Noticed Blork the orc
  4519 | D:5      | HP: 2/64 [Blork the orc/puff of flame (9)]
  4520 | D:5      | Killed Blork the orc
  5110 | D:6      | Noticed Pikel
  5115 | D:6      | Killed Pikel
  5115 | D:6      | Reached skill level 5 in Spellcasting
  5115 | D:6      | Reached skill level 8 in Earth Magic
  5123 | D:6      | Gained mutation: You passively map the area around you. [Deep Dwarf growth]
  5123 | D:6      | Reached XP level 9. HP: 48/70 MP: 0/15
  5343 | D:6      | Reached skill level 1 in Armour
  6078 | D:7      | Got a translucent dagger
  6079 | D:7      | Identified the +2 dagger "Dragonbane" {holy, +Fly} (You found it on level 7 of the Dungeon)
  6138 | D:7      | Found Sutsaplib's Book Shop.
  6212 | D:7      | Noticed Menkaure
  6214 | D:7      | Killed Menkaure
  6403 | D:7      | Reached skill level 9 in Earth Magic
  6674 | D:7      | Found Efoisies's Antique Weapon Shoppe.
  6678 | D:7      | Bought a crude flail for 238 gold pieces
  6678 | D:7      | Identified the +9 flail of Baodao {crush, +Fly rF+ Str+3} (You bought it in a shop on level 7 of the Dungeon)
  6809 | D:7      | Learned a level 4 spell: Petrify
  7000 | D:8      | Killed Psyche
  7148 | D:8      | Noticed a purple ugly thing
  7154 | D:8      | Killed a purple ugly thing
  7154 | D:8      | Reached XP level 10. HP: 64/80 MP: 12/19
  7395 | D:8      | Paralysed by a hornet for 1 turns
  7410 | D:8      | Reached skill level 10 in Earth Magic
  7472 | D:8      | Found a burning altar of Makhleb.
  7493 | D:8      | Found a sparkling altar of Nemelex Xobeh.
  7503 | D:8      | Became a worshipper of Nemelex Xobeh the Trickster
  7736 | D:8      | Found a basalt altar of Yredelemnul.
  8025 | D:8      | Killed an unseen horror
  8150 | D:8      | Received a gift from Nemelex Xobeh
  8347 | D:9      | Found Juwnerre's Assorted Antiques.
  8360 | D:9      | Bought a potion of curing for 51 gold pieces
  8360 | D:9      | Bought a potion of curing for 51 gold pieces
  8464 | D:9      | Noticed Joseph
  8471 | D:9      | Killed Joseph
  8657 | D:9      | Reached skill level 11 in Earth Magic
  8657 | D:9      | Reached skill level 1 in Invocations
  8745 | D:9      | Found an iron altar of Okawaru.
  9058 | D:10     | Entered Level 10 of the Dungeon
  9088 | D:10     | Reached * piety under Nemelex Xobeh
  9274 | D:10     | Noticed a seven-headed hydra
  9299 | D:10     | Killed a seven-headed hydra
  9299 | D:10     | Reached skill level 10 in Evocations
  9299 | D:10     | Reached XP level 11. HP: 17/88 MP: 6/19
  9677 | D:10     | HP: 3/88 [queen bee (9)]
  9758 | D:10     | Reached skill level 1 in Polearms
  9891 | D:10     | HP: 4/90 [killer bee (2)]
 10288 | D:11     | Noticed a cyan ugly thing
 10352 | D:11     | HP: 1/90 [water elemental (10)]
 10352 | D:11     | Mangled by a water elemental

Skill      XL: |  1  2  3  4  5  6  7  8  9 10 11 |
---------------+----------------------------------+-----
Evocations     | 1 2 3 4 5 7 8 10 | 10.4
Slings         | 1 |  1.8
Spellcasting   | 2 3 4 5 6 7 |  7.8
Earth Magic    | 5 6 7 8 9 11 | 11.6
Conjurations   | 1 2 3 4 |  4.5
Maces & Flails | 1 2 4 |  4.7
Stealth        | 3 4 |  4.4
Fighting       | 1 2 3 |  3.3
Dodging        | 3 4 |  4.3
Axes           | 2 |  2.6
Armour         | 1 |  1.4
Invocations    | 1 |  1.1
Polearms       | 2 |  2.7
Transmutations | |  0.8

Action                   |  1- 3 |  4- 6 |  7- 9 | 10-12 || total
-------------------------+-------+-------+-------+-------++-------
Melee: Hunting sling     |     1 |       |       |       ||     1
       Flail             |       |    29 |    15 |    63 ||   107
       War axe           |       |       |    37 |       ||    37
       Whip              |       |       |    25 |       ||    25
       Trident           |       |       |       |   308 ||   308
 Fire: Hunting sling     |    66 |       |       |       ||    66
 Cast: Sandblast         |    59 |    32 |    13 |       ||   104
       Stone Arrow       |       |    26 |   112 |    91 ||   229
       Lee's Rapid Decon |       |       |    15 |    20 ||    35
 Abil: Device Recharging |       |       |     1 |     5 ||     6
Evoke: Wand              |     2 |     1 |    10 |    30 ||    43
       Deck              |       |       |       |     9 ||     9
  Use: Scroll            |     2 |     1 |     8 |     9 ||    20
       Potion            |       |     5 |     3 |    12 ||    20
 Stab: Sleeping          |     1 |     1 |     2 |     1 ||     5
       Invisible         |       |       |       |     3 ||     3
       Distracted        |       |       |       |     1 ||     1
  Eat: Chunk             |     3 |     7 |    16 |    18 ||    44
       Pizza             |       |       |     2 |       ||     2
       Meat ration       |       |       |     1 |     3 ||     4
       Beef jerky        |       |       |     2 |       ||     2
Armor: Robe              |     6 |     6 |    23 |   162 ||   197
       Ring mail         |       |       |     4 |       ||     4
Dodge: Dodged            |    62 |    49 |    90 |   449 ||   650
